 Dungeon Crawl Stone Soup version 0.16.2-12-gd0ad4c3 (webtiles) character file.

73 hannobal the Sneak (level 4, -3/36 HPs)
             Began as a Naga Wizard on Oct 6, 2015.
             Slain by a giant frog (8 damage)
             ... on level 3 of the Dungeon.
             The game lasted 00:06:21 (1596 turns).

hannobal the Sneak (Naga Wizard)                    Turns: 1596, Time: 00:06:21

Health: -3/36      AC:  2    Str: 10    XL:     4   Next: 27%
Magic:  1/9        EV:  9    Int: 18    God:
Gold:   31         SH:  0    Dex: 10    Spells: 4 memorised, 1 level left

rFire  . . .     SeeInvis +     a - +0 short sword
rCold  . . .     Clarity  .     g - +0 robe
rNeg   . . .     SustAb   .     (no shield)
rPois  +         Gourm    .     b - +0 hat
rElec  .         Spirit   .     (no cloak)
rCorr  .         Warding  .     (no gloves)
rMut   .         Stasis   .     (no barding)
MR     .....                    (no amulet)
Stlth  ++........               (no ring)
                                (no ring)

@: very slow, not resistant to hostile enchantments, unstealthy
A: spit poison, see invisible, deformed body, poison resistance, slowness 2, AC
+1
a: Spit Poison


You were on level 3 of the Dungeon.
You were not hungry.

You visited 1 branch of the dungeon, and saw 3 of its levels.

You collected 31 gold pieces.

Inventory:

Hand weapons
 a - a +0 short sword (weapon)
 f - a +0 club
 k - a +1 dagger
Missiles
 e - 2 stones (quivered)
 h - 31 poisoned needles
 j - 28 sling bullets
 m - 26 bolts
 o - 24 arrows
Armour
 b - a +0 hat (worn)
 g - a +0 robe (worn)
 i - a +0 ring mail
Books
 c - a book of Minor Magic

   Spells                             Type                      Level
   a - Magic Dart                     Conjuration                  1
   b - Blink                          Translocation                2
   c - Call Imp                       Summoning                    2
   d - Repel Missiles                 Charms/Air                   2
   e - Slow                           Hexes                        2
   f - Conjure Flame                  Conjuration/Fire             3
   g - Mephitic Cloud                 Conjuration/Poison/Air       3
Comestibles
 d - 2 bread rations {@e1}
 l - 4 chunks of flesh {@w0}
 n - a beef jerky


   Skills:
 + Level 0.2 Fighting
 - Level 0.2 Short Blades
 - Level 1.5 Dodging
 - Level 3.0 Stealth
 - Level 3.0 Spellcasting
 - Level 3.0 Conjurations
 - Level 1.0 Summonings
 - Level 1.0 Translocations
 - Level 1.0 Air Magic
 - Level 2.3 Poison Magic


You had one spell level left.
You knew the following spells:

 Your Spells              Type           Power        Failure   Level  Hunger
a - Call Imp              Summ           #.......     17%         2    ##.....
b - Blink                 Tloc           N/A          17%         2    ##.....
c - Mephitic Cloud        Conj/Pois/Air  ##......     24%         3    ###....
z - Magic Dart            Conj           ##..         6%          1    None


Dungeon Overview and Level Annotations

Branches:
Dungeon (3/15)

Altars:
Ashenzari

Annotations:
D:2 Sigmund


Innate Abilities, Weirdness & Mutations

You cannot wear boots.
You can spit poison.
Your serpentine skin is tough (AC +1).
You have supernaturally acute eyesight.
Armour fits poorly on your strangely shaped body.
Your system is resistant to poisons.
You cover ground very slowly.


Message History

The kobold closely misses you. The orc closely misses you.
You hit the giant cockroach but do no damage.
The giant cockroach is heavily wounded.
The giant cockroach bites you but does no damage.
The orc hits you but does no damage. The kobold hits you with a dagger.
The giant cockroach barely misses you. The orc barely misses you.
The orc barely misses you.
You hit the giant cockroach.
You kill the giant cockroach!
You have got your breath back.
The kobold hits you with a dagger. The orc closely misses you.
The orc hits you with a hand axe.
* * * LOW HITPOINT WARNING * * *
An adder comes into view.
You hit the kobold but do no damage. The kobold hits you but does no damage.
The orc barely misses you. The orc hits you with a hand axe.
* * * LOW HITPOINT WARNING * * *
A worm comes into view.
You barely miss the giant frog. The giant frog hits you!
You die... w

.... .... #...
### . ...
..##.. ..
.......
#.###%......
#FK##......
#@o#.......
##oo.# ##..#
##>.####..###
#...S........
#..............
##..K.........
...............
#..............


You could see a worm (wandering), a giant frog, an orc wizard (confused), an
adder, 2 orcs and a kobold.

Vanquished Creatures
  A hound (D:3)
  An adder (D:2)
  A giant mite (D:2)
  An ooze (D:1)
  A ball python (D:2)
  4 bats (D:1)
  A giant cockroach (D:3)
  5 hobgoblins
  5 giant newts (D:1)
  2 goblins (D:1)
  5 kobolds
  16 rats
43 creatures vanquished.

Notes
Turn   | Place    | Note
--------------------------------------------------------------
     0 | D:1      | hannobal, the Naga Wizard, began the quest for the Orb.
     0 | D:1      | Reached XP level 1. HP: 15/15 MP: 4/4
   235 | D:1      | Reached XP level 2. HP: 17/22 MP: 0/6
   239 | D:1      | Learned a level 2 spell: Call Imp
   242 | D:1      | Learned a level 2 spell: Blink
  1031 | D:1      | Reached XP level 3. HP: 28/28 MP: 5/7
  1374 | D:2      | Found a shattered altar of Ashenzari.
  1381 | D:2      | Learned a level 3 spell: Mephitic Cloud
  1447 | D:1      | Reached skill level 1 in Air Magic
  1551 | D:2      | Noticed Sigmund
  1574 | D:2      | You fall through a shaft!
  1585 | D:3      | Reached XP level 4. HP: 28/36 MP: 1/9
  1587 | D:3      | Noticed a giant frog
  1596 | D:3      | Slain by a giant frog

Action                   |  1- 3 |  4- 6 || total
-------------------------+-------+-------++-------
Melee: Unarmed           |    13 |       ||    13
       Dagger            |     3 |       ||     3
       Short sword       |     3 |     8 ||    11
 Cast: Magic Dart        |    70 |     2 ||    72
       Mephitic Cloud    |     1 |       ||     1
 Abil: Spit Poison       |     4 |     1 ||     5
  Use: Scroll            |     4 |       ||     4
       Potion            |     2 |       ||     2
  Eat: Chunk             |     2 |       ||     2
